 Dungeon Crawl Stone Soup version 0.17-a0-1575-g9a29ec8 (webtiles) character file.

12 OTRawrior the Magician (level 2, -2/15 HPs)
             Began as a Gargoyle Wizard on July 26, 2015.
             Slain by a jackal (3 damage)
             ... on level 1 of the Dungeon.
             The game lasted 00:01:26 (697 turns).

OTRawrior the Magician (Gargoyle Wizard)             Turns: 697, Time: 00:01:26

Health: -2/15      AC:  4    Str: 12    XL:     2   Next: 33%
Magic:  0/6        EV: 11    Int: 18    God:
Gold:   21         SH:  0    Dex:  8    Spells: 2 memorised, 4 levels left

rFire  . . .     SeeInvis .     (no weapon)
rCold  . . .     Clarity  .     a - +0 robe
rNeg   + . .     SustAt   .     (no shield)
rPois  ∞         Gourm    .     b - +0 hat
rElec  +         Spirit   .     (no cloak)
rCorr  .         Warding  .     (no gloves)
rMut   .         Stasis   .     (no boots)
MR     .....                    (no amulet)
Stlth  ++........               (no ring)
                                f - +2 ring of strength

@: not resistant to hostile enchantments, unstealthy
A: negative energy resistance 1, electricity resistance, unbreathing,
petrification resistance, rot immunity, AC +2
a: no special abilities


You were on level 1 of the Dungeon.
You were not hungry.

You visited 1 branch of the dungeon, and saw 1 of its levels.

You collected 21 gold pieces.

Inventory:

Armour
 a - a +0 robe (worn)
 b - a +0 hat (worn)
Jewellery
 f - a +2 ring of strength (left hand)
Scrolls
 e - 2 scrolls of identify {unknown}
 h - a scroll of blinking {unknown}
Potions
 g - a potion of brilliance {unknown}
Books
 c - a book of Minor Magic

   Spells                             Type                      Level
   a - Magic Dart                     Conjuration                  1
   b - Blink                          Translocation                2
   c - Call Imp                       Summoning                    2
   d - Repel Missiles                 Charms/Air                   2
   e - Slow                           Hexes                        2
   f - Conjure Flame                  Conjuration/Fire             3
   g - Mephitic Cloud                 Conjuration/Poison/Air       3
Comestibles
 d - a bread ration


   Skills:
 - Level 1.5 Dodging
 - Level 2.1 Stealth
 * Level 3.3 Spellcasting
 * Level 1.8 Conjurations
   Level 0.8 Summonings
   Level 0.8 Translocations


You had 4 spell levels left.
You knew the following spells:

 Your Spells              Type           Power        Failure   Level  Hunger
a - Magic Dart            Conj           #...         10%         1    None
A - Repel Missiles        Chrm/Air       #.....       28%         2    ##.....


Dungeon Overview and Level Annotations

Branches:
Dungeon (1/15)

Altars:


Innate Abilities, Weirdness & Mutations

You are resistant to torment.
Your stone body is resilient (AC +2).
You are immune to poison.
You resist negative energy.
You are resistant to electric shocks.
You can survive without breathing.
You are immune to petrification.
You are immune to rotting.


Message History

The jackal barely misses you. The jackal closely misses you.
You closely miss the jackal.
The jackal is severely wounded.
The jackal bites you.
* * * LOW HITPOINT WARNING * * *
You hit the jackal.
The jackal is severely wounded.
The jackal bites you.
* * * LOW HITPOINT WARNING * * *
The jackal bites you but does no damage.
The jackal misses you.
Casting: Magic Dart
Confirm with . or Enter, or press ? or * to list all spells.
Aiming: Magic Dart
Press: ? - help, Shift-Dir - straight line, f/p - jackal
Aim: a jackal (severely wounded)
The magic dart hits the jackal.
The jackal is severely wounded.
The jackal bites you.
You die...

###.#.## ##. ###.# .. # #.#
#. .## ##'## # #.##.#
##...## #. #..#.# ##.....##
#.# #.#.## ##.......##
######.##....####.........#
.......†..h@....+.........+
####.####....####......(..♣♣
#..#..# ##......)... #.###.#
##.....##♣♣
##.###.#######...##
..............##(##
###.#.#######.##..# #...
#.##)#.# ### ###.###.#..##.#


You could see a jackal.

Vanquished Creatures
  2 hobgoblins (D:1)
  3 jackals (D:1)
  2 bats (D:1)
  A giant newt (D:1)
  A goblin (D:1)
  3 kobolds (D:1)
12 creatures vanquished.

Notes
Turn   | Place    | Note
--------------------------------------------------------------
     0 | D:1      | OTRawrior the Gargoyle Wizard began the quest for the Orb.
     0 | D:1      | Reached XP level 1. HP: 10/10 MP: 4/4
   552 | D:1      | Reached XP level 2. HP: 15/15 MP: 3/6
   557 | D:1      | Learned a level 2 spell: Repel Missiles
   697 | D:1      | Slain by a jackal

Vault maps used:
D:1:      lightli_arrival_farm, serial_forest, infiniplex_forest_split,
          infiniplex_forest_clump_long, infiniplex_forest_diagonal,
          infiniplex_forest_lined_3_way, infiniplex_forest_straight_3,
          infiniplex_forest_clump_curved, infiniplex_forest_lined_2

Action                   || total
-------------------------++-------
Melee: Unarmed           ||    36
 Cast: Magic Dart        ||    31
